Cogmind - Beta 11 @@@ ROGUE MODE // 2022.04.15 @ 19:40:27 Player: Jezoensis Result: Escaped! Performance ------------- Evolutions (9) 4500 Regions Visited (18) 3600 Robots Destroyed (115) 575 Value Destroyed (2519) 2519 Prototype IDs (34) 680 Alien Tech Used (0) 0 Bonus (19704) 19704 TOTAL SCORE: 31578 Bonus ------- Devolution 7500 High Alert Combat Kills 4 Entered Garrisons 400 Used RIF Installer 1000 Entered DSFs 500 Aligned with FarCom 300 Win 3000 Challenge Win 7000 Cogmind --------- Core Integrity 800/800 Matter 205/300 Energy 169/170 System Corruption 0% Temperature Cool (71) Movement Hovering (60) Location To Epsilon Eridani Parts ------- > --- POWER (2) -------- Light Antimatter Reactor > --- PROPULSION (2) --- Antigrav Array > --- UTILITY (6) ------ Structural Scanner Machine Analyzer Advanced Transmission Jammer Layered Light Armor Plating Hacking Suite System Shield > --- WEAPON (1) ------- Force Lance > --- INVENTORY (5) ---- Improved Antigrav System Improved Gyrokinetic Inverter Layered Light Armor Plating Enhanced Nova Cannon Peak State ------------ > --- POWER ------------ Light Fission Core Light Antimatter Reactor > --- PROPULSION ------- Antigrav Array Field Propulsion Drive > --- UTILITY ---------- Advanced Heat Sink Structural Scanner Machine Analyzer Enhanced Optical Array Advanced Transmission Jammer Layered Light Armor Plating Hacking Suite > --- WEAPON ----------- Force Lance > --- INVENTORY -------- Field Propulsion Array Improved Trap Scanner Advanced Signal Interpreter Layered Light Armor Plating [Rating: 71] Favorites ----------- Power Heavy Ion Engine Engine Heavy Ion Engine Power Core Nuclear Core Reactor Light Antimatter Reactor Propulsion Light Treads Treads Light Treads Leg Improved Aluminum Leg Wheel Wheel Hover Unit Antigrav Array Flight Unit Cooled Cesium-ion Thruster Utility Hacking Suite Device Structural Scanner Storage High-capacity Storage Unit Processor Terrain Scan Processor Hackware Hacking Suite Protection Improved Light Armor Plating Weapon Advanced Beam Cannon Energy Gun Beam Rifle Energy Cannon Advanced Beam Cannon Ballistic Gun Assault Rifle Ballistic Cannon Mini Assault Cannon Launcher Mini Grenade Launcher Special Weapon Mining Laser Impact Weapon Heavy Flail Piercing Weapon Force Lance Build | -11 -10 -10 -9 -9 -9 -8 -8 -8 -8 -8 -7 -6 -5 -5 -4 -3 -2 -1 ------- Run | Scr Mat Min Mat Min Exi Min Mat Gar Mat Gar Fac Fac Fac DSF Fac Res Res Acc Slots Evolved -9 | . . . -1 . . . -1 . . . -1 -1 -1 . -1 -1 -1 -1 Power . | . . . . . . . . . . . . . . . . . . . Propulsion -3 | . . . -1 . . . . . . . . . . . . -1 -1 . Utility -4 | . . . . . . . -1 . . . -1 -1 . . . . . -1 Weapon -2 | . . . . . . . . . . . . . -1 . -1 . . . Parts Attached 259 | 14 13 6 44 2 1 . 34 1 53 5 26 27 2 5 7 7 4 8 Power 23 | 2 . . 4 . . . 4 . 4 . 2 5 1 . . 1 . . Engine 12 | 2 . . 4 . . . 2 . 2 . . 1 1 . . . . . Core 10 | . . . . . . . 2 . 2 . 2 4 . . . . . . Reactor 1 | . . . . . . . . . . . . . . . . 1 . . Propulsion 68 | 6 4 5 15 . . . 3 . 9 2 6 9 1 1 2 2 . 3 Treads 31 | 2 1 1 13 . . . 3 . 9 2 . . . . . . . . Leg 9 | 2 . . 1 . . . . . . . 6 . . . . . . . Wheel 9 | 2 3 4 . . . . . . . . . . . . . . . . Hover 8 | . . . . . . . . . . . . 2 1 1 . 1 . 3 Flight 11 | . . . 1 . . . . . . . . 7 . . 2 1 . . Utility 139 | 3 9 1 17 1 1 . 25 1 35 3 12 12 . 4 5 3 4 3 Device 97 | 2 2 1 14 . . . 22 1 31 3 7 4 . 2 4 1 2 1 Storage 7 | 1 2 . . . 1 . . . . . 2 1 . . . . . . Processor 17 | . 3 . 2 1 . . 3 . 2 . 2 3 . . . . 1 . Hackware 5 | . . . 1 . . . . . 1 . . . . . 1 1 . 1 Protection 13 | . 2 . . . . . . . 1 . 1 4 . 2 . 1 1 1 Artifact . | . . . . . . . . . . . . . . . . . . . Weapon 29 | 3 . . 8 1 . . 2 . 5 . 6 1 . . . 1 . 2 Energy Gun 3 | . . . 3 . . . . . . . . . . . . . . . Energy Cannon 11 | . . . 3 1 . . . . 3 . 3 . . . . . . 1 Ballistic Gun 3 | 3 . . . . . . . . . . . . . . . . . . Ballistic Cannon 1 | . . . . . . . . . . . 1 . . . . . . . Launcher 3 | . . . 2 . . . 1 . . . . . . . . . . . Special Weapon 2 | . . . . . . . 1 . 1 . . . . . . . . . Impact Weapon 4 | . . . . . . . . . 1 . 2 1 . . . . . . Slashing Weapon . | . . . . . . . . . . . . . . . . . . . Piercing Weapon 2 | . . . . . . . . . . . . . . . . 1 . 1 Special Melee Weapon . | . . . . . . . . . . . . . . . . . . . Unidentified Prototypes 6 | . . . 3 . . . 1 . . . 1 1 . . . . . . Parts Lost 8 | . . . . . . . 1 . 1 . . 1 . 4 . . . 1 Power 2 | . . . . . . . . . . . . 1 . 1 . . . . Propulsion 2 | . . . . . . . 1 . . . . . . 1 . . . . Utility 4 | . . . . . . . . . 1 . . . . 2 . . . 1 Weapon . | . . . . . . . . . . . . . . . . . . . Highest Loss Streak 4 | . . . . . . . 1 . 1 . . 1 . 4 . . . 1 To Critical Strikes . | . . . . . . . . . . . . . . . . . . . Average Slot Usage (%) 94 | . 84 100 99 100 100 100 99 100 100 99 99 76 84 84 81 84 83 81 Engine 4 | . 10 10 10 10 10 10 9 5 3 . . . 4 4 . . . . Core 3 | . . . . . . . 1 5 6 11 11 6 6 6 7 6 . . Treads 13 | . 10 9 19 21 21 21 22 22 22 22 1 . . . . . . . Leg 2 | . 1 . 1 . . . . . . . 21 . . . . . . . Wheel 1 | . 13 15 . . . . . . . . . . . . . . . . Hover 1 | . . . . . . . . . . . . 9 17 20 13 2 8 9 Flight 1 | . . . . . . . . . . . . 9 2 . 5 11 . . Device 21 | . 15 24 23 24 21 21 21 22 22 21 22 16 13 11 16 23 25 18 Storage 4 | . 7 5 5 5 5 5 5 5 5 5 5 6 6 6 . . . . Processor 14 | . 3 15 18 17 21 21 16 16 14 11 11 7 13 13 14 15 16 17 Hackware 5 | . . . 3 5 5 5 5 5 5 5 5 6 6 6 10 9 8 9 Protection 2 | . 8 5 1 . . . . . 1 5 . 5 6 7 7 4 8 9 Energy Cannon 7 | . . . 5 10 10 10 11 11 13 16 9 . . . . . . . Ballistic Gun 1 | . 15 15 5 . . . . . . . . . . . . . . . Launcher 1 | . . . 2 5 5 5 4 5 . . . . . . . . . . Naked Turns . | . . . . . . . . . . . . . . . . . . . Heaviest Build 77 | 20 41 41 50 48 67 67 68 68 77 77 75 28 31 32 19 25 25 24 Greatest Support 88 | 26 60 52 83 83 83 83 83 83 88 88 84 30 41 41 31 26 26 26 Greatest Overweight (x) 1 | . 1 . . . . . . . . . . . . . . . . . Average Overweight (x) . | . . . . . . . . . . . . . . . . . . . Largest Inventory Capacity 20 | 8 15 15 15 15 20 20 20 20 20 20 20 15 8 8 8 5 5 5 Average Capacity 14 | 6 11 15 15 15 15 20 20 20 20 20 15 8 8 8 5 5 5 5 Most Carried 20 | 3 13 15 15 15 16 17 20 20 20 20 19 15 8 8 8 5 5 5 Average Carried 14 | 1 9 14 14 14 15 16 19 20 19 19 14 7 7 7 5 4 3 4 Final Capacity 20 | 8 15 15 15 15 20 20 20 20 20 20 15 8 8 8 5 5 5 5 Final Carried 20 | 3 13 15 15 15 16 17 20 20 20 19 15 8 7 8 5 5 4 4 Class Distribution -------------------- 57% | Scavenger-Skirmisher 10% | Scout 8% | Infiltrator-Ninja 7% | Skirmisher 5% | Scavenger-Assassin 3% | Scavenger-Mutant Dominant Class ---------------- Scavenger-Skirmisher | -10/Materials Scavenger-Skirmisher | -10/Mines Scavenger-Skirmisher | -9/Materials Scavenger-Skirmisher | -9/Mines Scavenger-Skirmisher | -9/Exiles Scavenger-Skirmisher | -8/Mines Scavenger-Skirmisher | -8/Materials Scavenger-Skirmisher | -8/Garrison Scavenger-Skirmisher | -8/Materials Scavenger-Skirmisher | -8/Garrison Scavenger-Assassin | -7/Factory Scout | -6/Factory Scout | -5/Factory Scout | -5/DSF Hacker-Scout | -4/Factory Scout | -3/Research Infiltrator-Ninja | -2/Research Infiltrator-Ninja | -1/Access Resources | -11 -10 -10 -9 -9 -9 -8 -8 -8 -8 -8 -7 -6 -5 -5 -4 -3 -2 -1 ----------- Run | Scr Mat Min Mat Min Exi Min Mat Gar Mat Gar Fac Fac Fac DSF Fac Res Res Acc Matter Collected 2996 | 332 255 197 488 20 . 36 319 40 505 40 273 272 . . 112 47 60 . Remotely 111 | . . . 89 . . . 22 . . . . . . . . . . . Salvage Created 4291 | 138 318 190 667 . . 27 807 55 1096 380 240 149 . . 112 112 . . Parts 253 | 10 24 15 51 . . 6 35 2 77 16 6 1 . . 1 9 . . Haulers Intercepted 11 | . 2 . 4 . . . . . 4 . 1 . . . . . . . Recyclers Shooed 9 | . 6 . 2 . . . . . . . 1 . . . . . . . Parts Field Recycled . | . . . . . . . . . . . . . . . . . . . Retrieved Matter . | . . . . . . . . . . . . . . . . . . . Parts Self-Destructed . | . . . . . . . . . . . . . . . . . . . Prevented . | . . . . . . . . . . . . . . . . . . . Kills | -11 -10 -10 -9 -9 -9 -8 -8 -8 -8 -8 -7 -6 -5 -5 -4 -3 -2 -1 ------- Run | Scr Mat Min Mat Min Exi Min Mat Gar Mat Gar Fac Fac Fac DSF Fac Res Res Acc Combat Hostiles Destroyed 63 | . 3 4 14 . . 4 10 1 16 10 1 . . . . . . . Guns 10 | . 3 4 3 . . . . . . . . . . . . . . . Cannons 44 | . . . 6 . . 1 10 1 16 10 . . . . . . . . AOE 8 | . . . 5 . . 3 . . . . . . . . . . . . Classes Destroyed 15 | 2 4 1 2 . . 1 3 1 1 . . . . . . . . . Worker 7 | . . . . . . 1 . . 1 . . 1 . . . 4 . . Builder 5 | . 2 . . . . . . . . . 2 . . . . 1 . . Tunneler 6 | 2 . 1 . . . . . . 3 . . . . . . . . . Hauler 11 | . 2 . 4 . . . . . 4 . 1 . . . . . . . Recycler 10 | 1 1 1 1 . . . 3 . . . 1 1 . . 1 . . . Mechanic 2 | . . . . . . . 1 . . . . . . . . 1 . . Operator 3 | . . . 1 . . . . . 1 . 1 . . . . . . . Watcher 8 | . 3 . 1 . . . 1 . 3 . . . . . . . . . Swarmer 22 | . 3 2 5 . . 4 . . 4 4 . . . . . . . . Grunt 19 | . . 2 6 . . . 6 . 1 4 . . . . . . . . Brawler 2 | . . . . . . . 1 . . 1 . . . . . . . . Duelist 1 | . . . . . . . 1 . . . . . . . . . . . Sentry 15 | . . . 3 . . . 2 . 8 1 1 . . . . . . . Specialist 2 | . . . . . . . . . 2 . . . . . . . . . Hunter 2 | . . . . . . . . 1 1 . . . . . . . . . Best Kill Streak 8 | 3 8 2 5 . . 5 5 1 4 5 3 1 . . 1 3 . . Combat Bots Only 5 | . 3 2 5 . . 4 2 1 3 5 1 . . . . . . . Max Kills in Single Turn 2 | 1 2 1 2 . . 2 1 1 2 2 1 1 . . 1 1 . . Gunslinging . | . . . . . . . . . . . . . . . . . . . Exploded 2 | . . . 2 . . 2 . . . . . . . . . . . . Melee . | . . . . . . . . . . . . . . . . . . . Uniques/NPCs Destroyed . | . . . . . . . . . . . . . . . . . . . Combat | -11 -10 -10 -9 -9 -9 -8 -8 -8 -8 -8 -7 -6 -5 -5 -4 -3 -2 -1 -------- Run | Scr Mat Min Mat Min Exi Min Mat Gar Mat Gar Fac Fac Fac DSF Fac Res Res Acc Damage Taken 2608 | . 45 81 300 . . 65 314 36 532 247 37 292 . 407 . 225 . 27 Core 238 | . 8 . 12 . . . 23 15 62 32 . 11 . 36 . 39 . . Absorbed by Shields 461 | . . . 39 . . 26 109 13 171 103 . . . . . . . . Redirected to Shielding 2 | . 2 . . . . . . . . . . . . . . . . . Core Remaining (%) 97 | 100 . 99 . . . 98 . . . 83 100 98 . 95 100 95 100 100 Volleys Fired 190 | 3 26 9 34 . . 4 39 4 49 18 2 . . . . . . 2 Largest 3 | 3 3 3 3 . . 2 2 2 3 3 3 . . . . . . 1 Hottest 196 | 60 60 60 136 . . 136 136 136 196 196 183 . . . . . . 120 Shots Fired 456 | 9 78 27 76 . . 5 75 7 119 52 6 . . . . . . 2 Gun 144 | 9 78 27 30 . . . . . . . . . . . . . . . Cannon 302 | . . . 44 . . 2 72 7 117 52 6 . . . . . . 2 Launcher 5 | . . . 2 . . 3 . . . . . . . . . . . . Special 5 | . . . . . . . 3 . 2 . . . . . . . . . Kinetic 130 | 9 78 27 14 . . . . . . . 2 . . . . . . . Thermal 321 | . . . 60 . . 2 75 7 119 52 4 . . . . . . 2 Explosive 5 | . . . 2 . . 3 . . . . . . . . . . . . Electromagnetic . | . . . . . . . . . . . . . . . . . . . Robot Hit Streak 15 | 4 6 4 14 . . 3 14 12 15 7 10 . . . . . . . Robot Miss Streak 7 | 2 4 3 2 . . . 2 . 3 7 . . . . . . . . Penetration Max . | . . . . . . . . . . . . . . . . . . . Secondary Targets 1 | . . 1 . . . . . . . . . . . . . . . . Max Gunslinging Chain 1 | . . 1 . . . . . . . . . . . . . . . . Shots Hit Robots 278 | 6 40 12 47 . . 2 56 5 67 25 7 2 . . 1 7 . 1 Core Hits 143 | 4 19 12 28 . . 4 23 2 30 14 4 . . . . 3 . . Critical Kills 1 | . . . . . . . . . . . 1 . . . . . . . Critical Parts Destroyed 2 | . . . . . . . . . . . 1 1 . . . . . . Critical Strikes 6 | . . . 2 . . . . . . . 2 1 . . . 1 . . Burn 2 | . . . 2 . . . . . . . . . . . . . . . Meltdown 1 | . . . . . . . . . . . 1 . . . . . . . Smash 2 | . . . . . . . . . . . 1 1 . . . . . . Impale 1 | . . . . . . . . . . . . . . . . 1 . . Melee Attacks 65 | . . . . . . . . . . . 9 20 . 3 2 20 2 9 Impact 36 | . . . . . . . . . . . 9 20 . 3 2 2 . . Slashing . | . . . . . . . . . . . . . . . . . . . Piercing 29 | . . . . . . . . . . . . . . . . 18 2 9 Sneak Attacks 13 | . . . . . . . . . . . 3 2 . . 1 6 . 1 Combat Hostiles . | . . . . . . . . . . . . . . . . . . . Follow-up Attacks . | . . . . . . . . . . . . . . . . . . . Damage Inflicted 7647 | 67 503 157 1303 . . 390 1301 112 1666 672 379 222 . . 95 701 . 79 Guns 988 | 67 503 151 267 . . . . . . . . . . . . . . . Cannons 4327 | . . . 555 . . 22 1296 112 1592 672 78 . . . . . . . Explosions 812 | . . . 444 . . 368 . . . . . . . . . . . . Melee 1389 | . . . . . . . . . . . 292 222 . . 95 701 . 79 Ramming 131 | . . 6 37 . . . 5 . 74 . 9 . . . . . . . Kinetic 801 | 67 503 151 80 . . . . . . . . . . . . . . . Thermal 4514 | . . . 742 . . 22 1296 112 1592 672 78 . . . . . . . Explosive 656 | . . . 288 . . 368 . . . . . . . . . . . . Electromagnetic 156 | . . . 156 . . . . . . . . . . . . . . . Impact 847 | . . . . . . . . . . . 292 222 . . 95 238 . . Slashing . | . . . . . . . . . . . . . . . . . . . Piercing 542 | . . . . . . . . . . . . . . . . 463 . 79 Highest Corruption 1 | . . . . . . . . . . . . . . . . . 1 . Average Corruption 1 | . . . . . . . . . . . . . . . . . 1 . Corruption Purged . | . . . . . . . . . . . . . . . . . . . Corruption Blocked . | . . . . . . . . . . . . . . . . . . . Effects 1 | . . . . . . . . . . . . . . . . . 1 . Alerts 1 | . . . . . . . . . . . . . . . . . 1 . Overload Shots . | . . . . . . . . . . . . . . . . . . . Overflow Damage 791 | . . . 38 . . 79 7 . 19 14 159 192 . . 25 219 . 39 Projectiles 40 | . . . . . . . 7 . 19 14 . . . . . . . . Explosions 117 | . . . 38 . . 79 . . . . . . . . . . . . Melee 634 | . . . . . . . . . . . 159 192 . . 25 219 . 39 Knockbacks 4 | . . . . . . . . . . . 2 . . . 1 1 . . Impact 4 | . . . . . . . . . . . 2 . . . 1 1 . . Kinetic . | . . . . . . . . . . . . . . . . . . . Secondary . | . . . . . . . . . . . . . . . . . . . Self-Inflicted Damage 65 | . . . . . . 65 . . . . . . . . . . . . Shots 2 | . . . . . . 2 . . . . . . . . . . . . Rammed 17 | . 1 3 4 . . . 1 . 8 . . . . . . . . . Targets Rammed 20 | . 1 3 5 . . . 1 . 9 . 1 . . . . . . . Kicked 1 | . . . . . . . . . . . 1 . . . . . . . Crushed 2 | . . . 1 . . . . . 1 . . . . . . . . . Highest Temperature 405 | 60 204 79 164 . . 33 273 9 405 294 123 17 113 . 127 . . 224 Average Temperature 90 | 28 74 55 57 . . 20 73 4 100 136 61 8 56 . 64 . . 142 Received Heat Transfer 588 | . . 69 116 . . . 151 . 100 68 18 18 . . . 39 . 9 Siege Activations . | . . . . . . . . . . . . . . . . . . . Robots Corrupted . | . . . . . . . . . . . . . . . . . . . Combat Hostiles . | . . . . . . . . . . . . . . . . . . . Parts Fried 12 | . . . . . . . . . . . 5 3 . . 2 2 . . Impact Corruptions 17 | . . . . . . . . . . . 6 5 . . 1 5 . . Robots Melted 1 | . . . . . . . . . . . 1 . . . . . . . Combat Hostiles 1 | . . . . . . . . . . . 1 . . . . . . . Parts Melted 9 | . . . 3 . . . 3 1 . 2 . . . . . . . . Heat Transferred 7807 | . . . 1591 . . 37 2183 185 2627 1073 111 . . . . . . . Parts Sabotaged . | . . . . . . . . . . . . . . . . . . . Parts Stolen . | . . . . . . . . . . . . . . . . . . . Parts Stripped . | . . . . . . . . . . . . . . . . . . . Power Chain Reactions . | . . . . . . . . . . . . . . . . . . . Missiles Intercepted . | . . . . . . . . . . . . . . . . . . . Alert | -11 -10 -10 -9 -9 -9 -8 -8 -8 -8 -8 -7 -6 -5 -5 -4 -3 -2 -1 ------- Run | Scr Mat Min Mat Min Exi Min Mat Gar Mat Gar Fac Fac Fac DSF Fac Res Res Acc Peak Influence 437 | 15 215 198 254 83 . 110 375 172 295 437 237 202 28 23 19 258 190 98 Initial 228 | . 9 83 76 83 . . 42 152 83 182 228 7 24 19 . 9 144 24 Average 131 | 4 118 176 132 83 . 85 120 163 154 337 166 70 27 13 5 78 105 34 Maximum Alert Level 2 | . 1 . 1 . . . 1 . 1 2 1 1 . . . 1 . . Low Security (%) 76 | 100 83 100 81 100 . 100 80 100 67 13 36 96 100 100 100 92 100 100 Level 1 21 | . 16 . 18 . . . 19 . 32 62 63 3 . . . 7 . . Level 2 1 | . . . . . . . . . . 23 . . . . . . . . Level 3 . | . . . . . . . . . . . . . . . . . . . Level 4 . | . . . . . . . . . . . . . . . . . . . Level 5 . | . . . . . . . . . . . . . . . . . . . High Security . | . . . . . . . . . . . . . . . . . . . Max Security . | . . . . . . . . . . . . . . . . . . . Squads Dispatched 16 | . . . . . . . 4 . 3 . . 3 . 1 1 1 1 2 Investigation 5 | . . . . . . . 1 . . . . 2 . . . . 1 1 Extermination 1 | . . . . . . . . . . . . . . . . . . 1 Reinforcement 7 | . . . . . . . . . 3 . . 1 . 1 1 1 . . Assault . | . . . . . . . . . . . . . . . . . . . Garrison 3 | . . . . . . . 3 . . . . . . . . . . . Intercept . | . . . . . . . . . . . . . . . . . . . Searches Triggered . | . . . . . . . . . . . . . . . . . . . Construction Impeded . | . . . . . . . . . . . . . . . . . . . Haulers Reinforced . | . . . . . . . . . . . . . . . . . . . Active Scanning Responses . | . . . . . . . . . . . . . . . . . . . Cargo Convoy Interrupts . | . . . . . . . . . . . . . . . . . . . Stealth | -11 -10 -10 -9 -9 -9 -8 -8 -8 -8 -8 -7 -6 -5 -5 -4 -3 -2 -1 --------- Run | Scr Mat Min Mat Min Exi Min Mat Gar Mat Gar Fac Fac Fac DSF Fac Res Res Acc Distress Signals 10 | . . . 4 . . . 2 . 4 . . . . . . . . . Communications Jammed 7 | . . . . . . . . . . . . . . . . . . 7 Distress Signals 7 | . . . . . . . . . . . . . . . . . . 7 Times Spotted 127 | . 8 5 17 . . 2 18 1 29 9 2 12 . 5 1 13 1 4 Peak Tracking Total 8 | . 4 3 4 . . 2 6 1 5 6 1 4 . 5 1 8 1 5 Tactical Retreats 11 | . . 1 1 . . . 1 . 1 1 . 4 . . . 2 . . Traps | -11 -10 -10 -9 -9 -9 -8 -8 -8 -8 -8 -7 -6 -5 -5 -4 -3 -2 -1 ------- Run | Scr Mat Min Mat Min Exi Min Mat Gar Mat Gar Fac Fac Fac DSF Fac Res Res Acc Traps Triggered 3 | . . . 2 . . . . . 1 . . . . . . . . . Indirectly . | . . . . . . . . . . . . . . . . . . . Trap Hack Attempts . | . . . . . . . . . . . . . . . . . . . Triggered . | . . . . . . . . . . . . . . . . . . . Disarmed . | . . . . . . . . . . . . . . . . . . . Reprogrammed . | . . . . . . . . . . . . . . . . . . . Reused . | . . . . . . . . . . . . . . . . . . . Traps Extracted . | . . . . . . . . . . . . . . . . . . . Installed . | . . . . . . . . . . . . . . . . . . . Triggered . | . . . . . . . . . . . . . . . . . . . Machines | -11 -10 -10 -9 -9 -9 -8 -8 -8 -8 -8 -7 -6 -5 -5 -4 -3 -2 -1 ---------- Run | Scr Mat Min Mat Min Exi Min Mat Gar Mat Gar Fac Fac Fac DSF Fac Res Res Acc Machines Disabled 6 | . 1 . 3 . . . 2 . . . . . . . . . . . Max in Single Turn 2 | . 1 . 2 . . . 1 . . . . . . . . . . . Garrison Access 4 | . . . . . . . . . . . 1 . . . . 2 . 1 Machines Sabotaged . | . . . . . . . . . . . . . . . . . . . Garrisons Compromised . | . . . . . . . . . . . . . . . . . . . Overloaded Fab Kills . | . . . . . . . . . . . . . . . . . . . Hacking | -11 -10 -10 -9 -9 -9 -8 -8 -8 -8 -8 -7 -6 -5 -5 -4 -3 -2 -1 --------- Run | Scr Mat Min Mat Min Exi Min Mat Gar Mat Gar Fac Fac Fac DSF Fac Res Res Acc Machines Accessed 55 | . 6 . 7 . 1 . 7 . 6 . 6 4 1 . 3 6 5 3 Terminals 41 | . 5 . 5 . . . 6 . 4 . 4 2 1 . 3 4 5 2 Fabricators 2 | . . . . . . . . . . . 1 1 . . . . . . Repair Stations 2 | . . . 1 . . . . . 1 . . . . . . . . . Recycling Units 3 | . 1 . 1 . . . . . . . . 1 . . . . . . Scanalyzers . | . . . . . . . . . . . . . . . . . . . Garrison Access 6 | . . . . . . . 1 . 1 . 1 . . . . 2 . 1 Total Hacks 132 | . 14 . 23 . 1 . 20 . 11 . 16 9 2 . 8 9 14 5 Successful 74 | . 7 . 16 . 1 . 12 . 6 . 8 6 1 . 5 4 6 2 Failed 58 | . 7 . 7 . . . 8 . 5 . 8 3 1 . 3 5 8 3 Catastrophic 7 | . . . . . . . . . 1 . 2 . . . . 2 1 1 Database Lockouts . | . . . . . . . . . . . . . . . . . . . Manual 87 | . 14 . 18 . 1 . 16 . 5 . 11 3 . . 5 5 7 2 Terminals 115 | . 13 . 20 . . . 19 . 9 . 13 6 2 . 8 7 14 4 Fabricators 4 | . . . . . . . . . . . 2 2 . . . . . . Repair Stations 2 | . . . 1 . . . . . 1 . . . . . . . . . Recycling Units 4 | . 1 . 2 . . . . . . . . 1 . . . . . . Scanalyzers . | . . . . . . . . . . . . . . . . . . . Garrison Access 6 | . . . . . . . 1 . 1 . 1 . . . . 2 . 1 Terminal Hacks 39 | . 4 . 7 . 1 . 8 . 2 . 4 2 1 . 4 2 3 1 Robot Analysis 11 | . 3 . 3 . . . 4 . . . . . . . 1 . . . Prototype ID Bank 3 | . . . 2 . . . . . . . 1 . . . . . . . Open Door 1 | . . . . . . . . . . . . . . . . . . 1 Open DSF 2 | . . . . . . . . . . . . . 1 . 1 . . . Level Access Points 3 | . . . . . . . . . . . . 1 . . 1 1 . . Terminal Index 4 | . 1 . . . . . 1 . . . 1 . . . . . 1 . Garrison Index 1 | . . . . . . . . . . . . . . . . . 1 . Unreport Threat 6 | . . . 1 . . . 2 . 1 . 1 . . . . . 1 . Locate Traps 1 | . . . . . . . . . 1 . . . . . . . . . Recall Reinforcements 1 | . . . . . . . . . . . . . . . 1 . . . Hauler Manifests 1 | . . . 1 . . . . . . . . . . . . . . . Registered Components 3 | . . . . . . . . . . . 1 1 . . . 1 . . Zone Layout 1 | . . . . . . . 1 . . . . . . . . . . . EX-Prototype ID Bank 1 | . . . . . 1 . . . . . . . . . . . . . Fabricator Hacks 2 | . . . . . . . . . . . 1 1 . . . . . . Network Status 2 | . . . . . . . . . . . 1 1 . . . . . . Repair Station Hacks . | . . . . . . . . . . . . . . . . . . . Recycling Unit Hacks . | . . . . . . . . . . . . . . . . . . . Scanalyzer . | . . . . . . . . . . . . . . . . . . . Garrison Access Hacks 6 | . . . . . . . 1 . 1 . 1 . . . . 2 . 1 Unlock Access 2 | . . . . . . . 1 . 1 . . . . . . . . . Seal Access 4 | . . . . . . . . . . . 1 . . . . 2 . 1 Unauthorized Hacks 27 | . 3 . 9 . . . 3 . 3 . 2 3 . . 1 . 3 . Terminals 19 | . 2 . 6 . . . 3 . 2 . 1 1 . . 1 . 3 . Track 1 | . . . 1 . . . . . . . . . . . . . . . Assimilate 1 | . . . 1 . . . . . . . . . . . . . . . Botnet 13 | . 2 . 2 . . . 2 . 2 . 1 1 . . 1 . 2 . Detonate 1 | . . . 1 . . . . . . . . . . . . . . . Operators 3 | . . . 1 . . . 1 . . . . . . . . . 1 . Fabricators 2 | . . . . . . . . . . . 1 1 . . . . . . Haulers 2 | . . . . . . . . . . . 1 1 . . . . . . Repair Stations 2 | . . . 1 . . . . . 1 . . . . . . . . . Mechanics 2 | . . . 1 . . . . . 1 . . . . . . . . . Recycling Units 4 | . 1 . 2 . . . . . . . . 1 . . . . . . Reject 1 | . . . 1 . . . . . . . . . . . . . . . Recyclers 3 | . 1 . 1 . . . . . . . . 1 . . . . . . Scanalyzers . | . . . . . . . . . . . . . . . . . . . Garrison Access . | . . . . . . . . . . . . . . . . . . . Data Cores Recovered 3 | . . . 1 . . . . . 1 . 1 . . . . . . . Used 2 | . . . 1 . . . . . . . 1 . . . . . . . Hacking Detections 42 | . 5 . 6 . . . 7 . 4 . 4 3 . . 2 4 5 2 Full Trace Events 5 | . . . . . . . 1 . . . . 2 . . . . 1 1 Feedback Events 1 | . . . . . . . . . . . . . . . . . 1 . Corruption 1 | . . . . . . . . . . . . . . . . . 1 . Feedback Blocked . | . . . . . . . . . . . . . . . . . . . Robot Schematics Acquired . | . . . . . . . . . . . . . . . . . . . Robots Built . | . . . . . . . . . . . . . . . . . . . Authchips . | . . . . . . . . . . . . . . . . . . . Time . | . . . . . . . . . . . . . . . . . . . Total Robot Build Rating . | . . . . . . . . . . . . . . . . . . . Part Schematics Acquired . | . . . . . . . . . . . . . . . . . . . Parts Built . | . . . . . . . . . . . . . . . . . . . Authchips . | . . . . . . . . . . . . . . . . . . . Time . | . . . . . . . . . . . . . . . . . . . Total Part Build Rating . | . . . . . . . . . . . . . . . . . . . Parts Repaired . | . . . . . . . . . . . . . . . . . . . Time . | . . . . . . . . . . . . . . . . . . . Parts Recycled . | . . . . . . . . . . . . . . . . . . . Recycled Matter . | . . . . . . . . . . . . . . . . . . . Retrieved Matter . | . . . . . . . . . . . . . . . . . . . Retrieved Components . | . . . . . . . . . . . . . . . . . . . Parts Scanalyzed . | . . . . . . . . . . . . . . . . . . . Part Schematics Acquired . | . . . . . . . . . . . . . . . . . . . Parts Damaged . | . . . . . . . . . . . . . . . . . . . Bothacking | -11 -10 -10 -9 -9 -9 -8 -8 -8 -8 -8 -7 -6 -5 -5 -4 -3 -2 -1 ------------ Run | Scr Mat Min Mat Min Exi Min Mat Gar Mat Gar Fac Fac Fac DSF Fac Res Res Acc Used RIF Installer 2 | . . . . . . . . 1 . 1 . . . . . . . . Alert ID Control 1 | . . . . . . . . . . 1 . . . . . . . . Robots Hacked . | . . . . . . . . . . . . . . . . . . . Non-combat . | . . . . . . . . . . . . . . . . . . . Combat . | . . . . . . . . . . . . . . . . . . . Robot Hacks Applied . | . . . . . . . . . . . . . . . . . . . Relay Couplers Released . | . . . . . . . . . . . . . . . . . . . Fabnet Peak Effective % . | . . . . . . . . . . . . . . . . . . . Robots Rewired . | . . . . . . . . . . . . . . . . . . . Allies Hacked . | . . . . . . . . . . . . . . . . . . . Hacks Repelled . | . . . . . . . . . . . . . . . . . . . Allies | -11 -10 -10 -9 -9 -9 -8 -8 -8 -8 -8 -7 -6 -5 -5 -4 -3 -2 -1 -------- Run | Scr Mat Min Mat Min Exi Min Mat Gar Mat Gar Fac Fac Fac DSF Fac Res Res Acc Total Allies 1 | . . . 1 . . . . . . . . . . . . . . . Largest Group 1 | . . . 1 . . . . . . . . . . . . . . . Highest-Rated Group 10 | . . . 10 . . . . . . . . . . . . . . . Highest-Rated Ally 10 | . . . 10 . . . . . . . . . . . . . . . Total Orders . | . . . . . . . . . . . . . . . . . . . Ally Attacks . | . . . . . . . . . . . . . . . . . . . Total Damage . | . . . . . . . . . . . . . . . . . . . Kills . | . . . . . . . . . . . . . . . . . . . Allies Corrupted . | . . . . . . . . . . . . . . . . . . . Allies Melted . | . . . . . . . . . . . . . . . . . . . Intel | -11 -10 -10 -9 -9 -9 -8 -8 -8 -8 -8 -7 -6 -5 -5 -4 -3 -2 -1 ------- Run | Scr Mat Min Mat Min Exi Min Mat Gar Mat Gar Fac Fac Fac DSF Fac Res Res Acc Robot Analysis Total 11 | . 3 . 3 . . . 4 . . . . . . . 1 . . . Derelict Logs Recovered 2 | . . 1 . 1 . . . . . . . . . . . . . . Drone Launches . | . . . . . . . . . . . . . . . . . . . Drone Recoveries . | . . . . . . . . . . . . . . . . . . . Exploration | -11 -10 -10 -9 -9 -9 -8 -8 -8 -8 -8 -7 -6 -5 -5 -4 -3 -2 -1 ------------- Run | Scr Mat Min Mat Min Exi Min Mat Gar Mat Gar Fac Fac Fac DSF Fac Res Res Acc Turns Passed 7062 | 74 384 255 838 191 401 95 791 223 1264 364 627 458 27 44 137 294 222 373 Spaces Moved 5529 | 43 284 217 394 118 249 54 376 131 648 194 467 711 44 51 214 475 346 513 Core 3 | 3 . . . . . . . . . . . . . . . . . . Treads 2180 | . 2 . 394 118 249 54 376 131 648 194 14 . . . . . . . Legs 467 | 14 . . . . . . . . . . 453 . . . . . . . Wheels 525 | 26 282 217 . . . . . . . . . . . . . . . . Hover 1795 | . . . . . . . . . . . . 522 44 51 189 130 346 513 Flight 559 | . . . . . . . . . . . . 189 . . 25 345 . . Fastest Speed 27 | 50 86 90 160 160 160 160 160 160 145 145 112 27 52 52 39 39 60 60 Average Speed 102 | 96 92 92 160 160 160 160 160 160 150 148 114 48 53 52 54 44 60 60 Slowest Speed 160 | 120 160 93 160 160 160 160 160 160 160 152 152 56 56 56 56 60 60 60 Overloaded Moves . | . . . . . . . . . . . . . . . . . . . Propulsion Burnouts . | . . . . . . . . . . . . . . . . . . . Robots Hopped 2 | . . . . . . . . . . . . 2 . . . . . . Cave-ins Triggered . | . . . . . . . . . . . . . . . . . . . Time Travels 1 | . . . . . . . . . . 1 . . . . . . . . Exploration Rate (%) 31 | 4 49 47 39 22 67 23 43 41 68 46 19 24 2 46 7 17 14 17 Regions Visited 18 Branch Regions 4 Pre-discovered Areas . | . . . . . . . . . . . . . . . . . . . Known Exits Taken 10 | . 1 1 . . . 1 1 . 1 . . 1 1 . 1 1 1 . Unknown Exits Taken 5 | 1 . . 1 1 1 . . . . . 1 . . . . . . . Scrap Searched 3 | . . 1 . 1 . 1 . . . . . . . . . . . . Spaces Dug 43 | . . . . . . . 3 . 2 . 5 16 . 2 1 8 1 5 Terrain Destroyed 86 | . . . 19 . . 18 3 . 8 . 5 16 . 2 1 8 1 5 Melee 36 | . . . . . . . . . . . 5 16 . 2 1 8 1 3 Projectile 13 | . . . . . . . 3 . 8 . . . . . . . . 2 AOE 37 | . . . 19 . . 18 . . . . . . . . . . . . Terrain Rammed . | . . . . . . . . . . . . . . . . . . . Walls Destroyed . | . . . . . . . . . . . . . . . . . . . Machines Disabled . | . . . . . . . . . . . . . . . . . . . Actions | -11 -10 -10 -9 -9 -9 -8 -8 -8 -8 -8 -7 -6 -5 -5 -4 -3 -2 -1 --------- Run | Scr Mat Min Mat Min Exi Min Mat Gar Mat Gar Fac Fac Fac DSF Fac Res Res Acc Total 6412 | 63 348 250 535 121 253 58 473 138 825 230 540 807 46 63 232 516 356 558 Wait 101 | . 9 4 7 . . . 10 4 24 10 2 5 . . 1 8 . 17 Move 5504 | 42 283 216 393 117 248 53 375 129 647 192 466 706 43 50 213 474 345 512 Hop 2 | . . . . . . . . . . . . 2 . . . . . . Pick Up 91 | 3 11 5 13 . 2 1 4 . 12 2 18 9 . 2 3 1 2 3 Fast Attach 83 | 13 10 2 15 1 . . 4 . 7 2 6 10 1 3 3 4 . 2 Attach 45 | 1 . 1 6 1 . . 2 . 4 2 5 14 1 1 2 . 2 3 Detach 37 | 1 1 . 5 1 . . 3 . 5 . 3 10 . 1 1 1 2 3 Swap 132 | . 3 3 23 . 1 . 29 1 42 1 15 3 . 1 2 3 2 3 Drop 142 | . 4 7 34 1 2 . 6 . 26 3 13 28 1 2 5 5 1 4 Fire 190 | 3 26 9 34 . . 4 39 4 49 18 2 . . . . . . 2 Melee 65 | . . . . . . . . . . . 9 20 . 3 2 20 2 9 Ram . | . . . . . . . . . . . . . . . . . . . Kick 1 | . . . . . . . . . . . 1 . . . . . . . Crush 19 | . 1 3 5 . . . 1 . 9 . . . . . . . . . Escape Stasis . | . . . . . . . . . . . . . . . . . . . Rewire . | . . . . . . . . . . . . . . . . . . . Trap . | . . . . . . . . . . . . . . . . . . . Miscellaneous . | . . . . . . . . . . . . . . . . . . . Route ------- -11/Scrapyard -10/Materials (discovered 2 exits: *Min x2) -10/Mines -9/Materials (discovered 3 exits: *Mat x2 / [*Min]) -9/Mines (discovered 2 exits: *Mat / *Exi) -9/Exiles (discovered 2 exits: [*Min x2]) -8/Mines -8/Materials (discovered 2 exits: *Fac / Gar) -8/Garrison -8/Materials (discovered 3 exits: *Fac x2 / Gar) -8/Garrison (discovered 2 exits: *Fac x2) -7/Factory (discovered 2 exits: *Fac / *Low) -6/Factory (discovered 4 exits: *Fac x4) -5/Factory -5/DSF -4/Factory (discovered 4 exits: *Res x4) -3/Research (discovered 4 exits: *Res x3 / [*Arm]) -2/Research -1/Access To Epsilon Eridani History --------- Turn | Location | Event 20 | -11/Scrapyard | Discovered new exit (range 14) 75 | -11/Scrapyard | Entered Materials 75 | -10/Materials | Discovered new exit (range 17) 304 | -10/Materials | Discovered new exit (range 15) 458 | -10/Materials | Identified exit to Mines 459 | -10/Materials | Entered Mines 584 | -10/Mines | Learned location of 1 exit from Materials 701 | -10/Mines | Build established: Scavenger-Skirmisher 703 | -10/Mines | Discovered new exit (range 13) 713 | -10/Mines | Identified exit to Materials 714 | -10/Mines | Entered Materials 714 | -9/Materials | Devolved, losing 1 slot: Propulsion x-1 715 | -9/Materials | Identified exit to Materials 984 | -9/Materials | Discovered exit to Materials (range 7) 1467 | -9/Materials | Discovered new exit (range 11) 1552 | -9/Materials | Entered Mines 1581 | -9/Mines | Learned Materials stockpile data 1615 | -9/Mines | Discovered exit to Materials (range 7) 1720 | -9/Mines | Assembled infested the area 1737 | -9/Mines | Deemed a non-threat by the Exiles lab entrance 1737 | -9/Mines | Discovered new exit (range 5) 1743 | -9/Mines | Entered Exiles 1764 | -9/Exiles | Discovered new exit (range 15) 1783 | -9/Exiles | Met 8R-AWN 1809 | -9/Exiles | Met EX-HEX 1903 | -9/Exiles | Met EX-BIN 1921 | -9/Exiles | Aligned with FarCom system 1923 | -9/Exiles | Given EX-Vault access code 1959 | -9/Exiles | Opened EX-Vault 1968 | -9/Exiles | Found Chronowheel 2001 | -9/Exiles | Warned to stay clear of 0b10 Research branches 2043 | -9/Exiles | Met EX-DEC 2130 | -9/Exiles | Discovered new exit (range 11) 2144 | -9/Exiles | Left Exiles lab with Chronowheel 2144 | -9/Exiles | Entered Mines 2188 | -8/Mines | Discovered exit to Materials (range 14) 2239 | -8/Mines | Entered Materials 2239 | -8/Materials | Devolved, losing 1 slot: Utility x-1 2663 | -8/Materials | Garrison activated, responded to threat 3015 | -8/Materials | Discovered new exit (range 18) 3028 | -8/Materials | Identified exit to Garrison 3030 | -8/Materials | Entered Garrison 3038 | -8/Garrison | Installed Relay Interface Framework 3110 | -8/Garrison | Triggered checkpoint 3234 | -8/Garrison | Discovered new exit (range 12) 3253 | -8/Garrison | Entered Materials 3681 | -8/Materials | Discovered new exit (range 5) 4225 | -8/Materials | Discovered new exit (range 16) 4516 | -8/Materials | Identified exit to Garrison 4517 | -8/Materials | Entered Garrison 4555 | -8/Garrison | Triggered checkpoint 4690 | -8/Garrison | Discovered new exit (range 19) 4851 | -8/Garrison | Discovered new exit (range 10) 4869 | -8/Garrison | Activated Chronowheel 4869 | -8/Garrison | Spacetime reconverged on an earlier point 4872 | -8/Garrison | Expanded RIF knowledge: Alert ID Control 4881 | -8/Garrison | Entered Factory 4881 | -7/Factory | Devolved, losing 1 slot: Utility x-1 5273 | -7/Factory | Discovered new exit (range 4) 5277 | -7/Factory | Identified exit to Lower Caves 5324 | -7/Factory | Build established: Scavenger-Assassin 5394 | -7/Factory | Discovered new exit (range 9) 5508 | -7/Factory | Entered another Factory area 5508 | -6/Factory | Devolved, losing 1 slot: Utility x-1 5718 | -6/Factory | Identified exit to Factory 5802 | -6/Factory | Build established: Scout 5966 | -6/Factory | Entered another Factory area 5966 | -5/Factory | Devolved, losing 1 slot: Weapon x-1 5970 | -5/Factory | Identified exit to DSF 5993 | -5/Factory | Entered DSF 6002 | -5/DSF | Discovered new exit (range 20) 6019 | -5/DSF | Additional patrols routed to DSF 6037 | -5/DSF | Entered Factory 6037 | -4/Factory | Devolved, losing 1 slot: Weapon x-1 6064 | -4/Factory | Lost 4 parts (1p1n2u) 6127 | -4/Factory | Identified exit to Research 6174 | -4/Factory | Entered Research 6174 | -3/Research | Devolved, losing 1 slot: Propulsion x-1 6334 | -3/Research | Spotted B-86 Titan 6399 | -3/Research | Identified exit to Research 6411 | -3/Research | Discovered new exit (range 21) 6468 | -3/Research | Entered another Research area 6468 | -2/Research | Devolved, losing 1 slot: Propulsion x-1 6682 | -2/Research | Discovered new exit (range 5) 6686 | -2/Research | Identified exit to Access 6690 | -2/Research | Entered Access 6690 | -1/Access | Devolved, losing 1 slot: Utility x-1 6731 | -1/Access | Build established: Infiltrator-Ninja 6951 | -1/Access | Spotted B-99 Colossus 6951 | -1/Access | Spotted B-99 Colossus 7060 | -1/Access | Discovered new exit (range 6) 7063 | *** | Escaped! Last Messages --------------- 06882_ Garrison Access x2 06884_ Detecting nearby Garrison Access. 06889_ Connecting with Garrison Access... >>Seal Access door sealed. 06894_ Dropped Adv. Reaction Control System. 06895_ Acquired Imp. Antigrav System. 06900_ Dropped Antigrav Array. 06905_ Acquired Antigrav Array. 06977_ >> Machine Analyzer network decryption results: 06977_ Fabricator x3 07015_ ALERT: Rogue bot located, Programmers report to Access Zone 4K. 07045_ W-44 Eye distress signal jammed. 07052_ Enh. Optical Array destroyed. 07058_ Connecting with Terminal... >>Open(Door) Sealed Barrier opened. 07060_ The Access Shell folds into the floor. 07060_ EXIT=FOUND [Achievement: Grand Amoeba] Map ----- +----------------------------------------------------+ | ???????????????? # ##????????????? | | ???????????????? # ##?????????????# | | ?????????######### ################ | | ?????????######### ################ | | ?????????## | | ????????? # | | ????????? # ############+######################## | | ????????? # ########## ############ | | ????????? # # ? " w+ ???????????????????? | | ????????? # # """ # ?????????????????? | | ???????"? # # """ # ???????????????? | | ??????""" # # " # " ?????????????? | | ???????"""# + # """" ############ | | ????????" # g# # """"" ############ | | ????????? / # # """"" #### | | ????????? # # ? # """" #### | | ????????? # g# ??? = # " ?? #### " | | ?????????## ##???#################?????## """ | | ?????????## ######################?????## """ | | ?????????## ####### ###########????????## " | | ?????????##gg"""T""" ""?" ????? # | | ?????????## """ """ "??" BB ?? # | | ?????????## "??" BB ###+##### | | ?????????##R "??" ^ | | ?????????## "" "??" | | ?????????## @" "??" | | ?????????## "??" | | ?????????## "??" BB ###+##### | | ?????????## "??" BB ?? # | | ?????????## ""?" ????? # ! | | ?????????## ####### ###########????????## | | ?????????## ###################????????## | | ?????????## ##???#####?????????????????## | | ?????????## ##?????????????????????????## | | ?????????## ##?????????????????????????## | | ?????????## ##?????????????????????????## | | ?????????## ???????????????????????????## | | ?????????## ???????????????????????????########## | | ??????????? ???????????????????????????########## | | ?????????????????????????????????????????????????? | | ?????????????????????????????????????????????????? | | ?????????????????????????????????????????????????? | | ?????????????????????????????????????????????????? | | ?????????????????????????????????????????????????? | | ?????????????????????????????????????????????????? | | ?????????????????????????????????????????????????? | | ?????????????????????????????????????????????????? | | ?????????????????????????????????????????????????? | | ?????????????????????????????????????????????????? | | ?????????????????????????????????????????????????? | +----------------------------------------------------+ Best States ------------- Heat Dissipation 48 Coolant Potential 65 Energy Generation 31 Energy Capacity 445 Matter Stores 300 Matter Capacity 300 Sight Range 22 Robot Scan Range 14 Terrain Scan Range 16 Terrain Scan Density 210 ECM Strength 1 Jamming Range 16 Armor Coverage 300 Core Shielding 20 Evasion (%) 64 Targeting Accuracy 6 Recoil Reduction 4 Offensive Hacking 20 Defensive Hacking 10 Item Schematics ----------------- None Robot Schematics ------------------ None Fabricated ------------ Nothing Alien Tech Used ----------------- None Achievements -------------- Grand Amoeba Challenges ------------ Devolution Game ------ Seed BladeHypercooledWheel Manual? 0 Play Time 02:05:21 Cumulative 596.6 hours Start 2022.04.14 @ 23:22:26 End 2022.04.15 @ 19:40:27 Sessions 5 Manual Loads 0 Difficulty Rogue Special Mode None Game No. 297 Rogue 170 Adventurer 125 Explorer 2 Win Type 0 Total 57 Types 49/3/2/1/1/0/0/0/1 Lore% 73 Gallery% 85 Achievement% 69 Wizard Run 0 Options --------- ASCII 0 Keyboard 1 Movement Numpad Keybinds 0 Fullscreen 1 Font 36/TerminusFine Map View 76x50 Tactical HUD 1 Map Filters NONE Filters NONE Steam 1 RUN: 42d56ff8-0ce4-4abf-9a57-69f4340c4777